AoeStats
← Strive4Richs601

Arena

509797565Analyzed
3v3 RM · 4d ago on Sep 28, 2026· 20m 45s· 6 players
Game mode
Random Map
Map size
Normal (6 player)
Population
200
Speed
Normal
Resources
Standard
Victory
Conquest
Starting age
Dark Age
Ending age
Imperial Age
RankedLock teamsTeams togetherTeam positionsShared explorationLock speedFull tech treeHidden civsTurbo modeCheats
Victory
Defeat
🇦🇷 Khmer · Argentina
813
+15
🇳🇱 Sicilians · Netherlands
813
+16
🇦🇷 Cumans · Argentina
812
+16
🇦🇷 Spanish · Argentina
820
-17
🇺🇸 Goths · United States
797
-15
🇺🇸 Portuguese · United States
795
-15
Strive4Richs601
13:15 Feudal Age
15:01 Double-Bit Axe
14:57 Horse Collar
15:09 Gold Mining
16:49 Wheelbarrow
20:01 Castle Age
20:30 Pikeman
21:28 Forging
baseballjoker08
0:28 Loom
11:22 Feudal Age
12:19 Double-Bit Axe
14:08 Wheelbarrow
13:50 Man-at-Arms
15:12 Horse Collar
15:24 Gold Mining
16:08 Forging
15:59 Scale Mail Armor
BOANERGES
3:07 Loom
11:02 Feudal Age
17:52 Castle Age
16:04 Double-Bit Axe
16:39 Gold Mining
16:39 Horse Collar
18:17 Stone Mining
Martinsaurio
7:52 Loom
10:49 Feudal Age
16:08 Castle Age
14:46 Double-Bit Axe
16:17 Bloodlines
16:13 Horse Collar
16:53 Forging
16:57 Husbandry
17:54 Scale Barding Armor
Facubbko
11:32 Feudal Age
12:34 Double-Bit Axe
Johnnythef6727
11:28 Feudal Age
12:59 Wheelbarrow
12:15 Double-Bit Axe
Connection lost

Rejoining the realm…

Still unreachable

The connection could not be restored.

Session expired

The server has moved on; the page needs a fresh start.